 Dungeon Crawl Stone Soup version 0.29-a0-23-ga79f92ac9c (webtiles) character file.

Game seed: 16292158992284327128

11248 Lekart the Cleaver (level 11, -15/118 HPs)
             Began as a Black Draconian Chaos Knight on Jan 30, 2022.
             Was a Plaything of Xom.
             Demolished by a death knight (31 damage)
             ... on level 11 of the Dungeon.
             The game lasted 00:23:12 (11700 turns).

Lekart the Cleaver (Black Draconian Chaos Knight)  Turns: 11700, Time: 00:23:13

Health: -15/118    AC: 11    Str: 14    XL:     11   Next: 46%
Magic:  11/11      EV: 16    Int: 15    God:    Xom [*.....]
Gold:   607        SH:  0    Dex: 15    Spells: 10/10 levels left

rFire   . . .      SeeInvis .   e - +0 hand axe (elec)
rCold   + . .      Faith    .   (no shield)
rNeg    + . .      Spirit   .   (armour unavailable)
rPois   +          Reflect  .   G - +0 hat {Stlth+}
rElec   +          Harm     .   s - +1 cloak
rCorr   +          Rampage  .   i - +1 pair of gloves
Will    .....      Clarity  +   (no boots)
Stlth   +++.......              (no amulet)
HPRegen 1.09/turn               F - ring "Doefy" {rPois rN+ rCorr Stlth-}
MPRegen 0.12/turn               q - ring of protection from cold

@: short of breath, flying
A: breathe lightning, AC +7, unfitting armour, electricity resistance,
cold-blooded, big wings, horns 1, stinger 1, camouflage 2, clarity, clever 1,
regeneration 1, robust 2, wild magic 1
a: Breathe Lightning, Renounce Religion


You were on level 11 of the Dungeon.
You worshipped Xom.
You were a special plaything of Xom.
You visited 2 branches of the dungeon, and saw 12 of its levels.
You also visited: Gauntlet.

You collected 607 gold pieces.

Inventory:

Hand Weapons
 a - a +1 falchion of chaos
 e - a +0 hand axe of electrocution (weapon)
 B - a +3 scimitar of flaming
Missiles
 j - 5 atropa-tipped darts (quivered)
 N - 7 silver javelins
Armour
 i - a +1 pair of gloves (worn)
 s - a +1 cloak (worn)
 G - a +0 hat of stealth (worn)
Magical Staves
 L - a staff of air
 M - a staff of conjuration
Jewellery
 b - a ring of resist corrosion
 n - a +6 ring of dexterity
 p - a ring of positive energy
 q - a ring of protection from cold (right hand)
 t - a ring of poison resistance
 x - a +6 ring of strength
 z - a ring of see invisible
 D - the ring "Teoc" {Fire Dex+4}
   (You found it on level 10 of the Dungeon)

   [ring of fire]

   It enhances your fire magic.
   Dex:       It affects your dexterity (+4).
   rF:        It protects you from fire.
   rC:        It makes you vulnerable to cold.
 F - the ring "Doefy" (left hand) {rPois rN+ rCorr Stlth-}
   (You found it in a Gauntlet)

   [ring of poison resistance]

   rPois:     It protects you from poison.
   rN:        It protects you from negative energy.
   rCorr:     It protects you from acid and corrosion.
   Stlth:     It makes you less stealthy.
 I - a +4 ring of protection
Wands
 c - a wand of mindburst (7)
 h - a wand of iceblast (7)
 H - a wand of flame (9)
Scrolls
 g - 2 scrolls of amnesia
 l - a scroll of magic mapping
 r - 2 scrolls of fear
 y - 2 scrolls of identify
 C - 3 scrolls of teleportation
Potions
 d - 6 potions of curing
 f - 4 potions of haste
 m - a potion of ambrosia {unknown}
 o - 2 potions of resistance
 u - a potion of brilliance
 v - 6 potions of attraction
 w - a potion of magic
Miscellaneous
 K - a phantom mirror (inert)


   Skills:
 + Level 9.7 Fighting
 + Level 7.2 Long Blades
 + Level 10.5(10.6) Axes
 + Level 1.4(6.8) Maces & Flails
 + Level 1.1 Throwing
 + Level 9.2 Dodging
 + Level 3.6 Evocations


You had 10 spell levels left.
You didn't know any spells.
Your spell library contained the following spells:

 Spells                   Type           Power      Damage    Failure   Level
 Animate Skeleton         Necr           0%         N/A       34%         1
 Pain                     Necr           0%         1d4       34%         1
 Slow                     Hex            0%         N/A       34%         1
 Call Canine Familiar     Summ           0%         N/A       71%         3
 Confusing Touch          Hex            0%         N/A       71%         3
 Portal Projectile        Hex/Tloc       0%         N/A       71%         3
 Vampiric Draining        Necr           0%         2d6       71%         3
 Leda's Liquefaction      Hex/Erth       0%         N/A       97%         4


Dungeon Overview and Level Annotations

Branches:
Dungeon (11/15)            Temple (1/1) D:5            Lair (0/6) D:11
Gauntlet (visited)
    Orc: D:9-12

Altars:
Ashenzari
Cheibriados
Dithmenos
Elyvilon
Fedhas
Gozag
Hepliaklqana
Kikubaaqudgha
Makhleb
Nemelex Xobeh
Okawaru
Qazlal
Ru
Sif Muna
Trog
Uskayaw
Vehumet
Wu Jian
Xom
Yredelemnul
Zin
The Shining One

Portals:
Trove: D:11 (give +4 shadow dragon scales)

Annotations:
D:9 exclusion: downstairs


Innate Abilities, Weirdness & Mutations

You can breathe wild blasts of lightning.
Your glossy black scales are hard. (AC +7)
You cannot fit into any form of body armour.
You are resistant to electric shocks. (rElec)
You are cold-blooded and may be slowed by cold attacks.
Your large and strong wings let you fly.
You have a pair of small horns on your head.
Your tail ends in a venomous barb.
Your skin blends seamlessly with your surroundings (Stealth++).
You possess an exceptional clarity of mind.
Your mind is acute. (Int +2)
Your natural rate of healing is unusually fast.
You are very robust. (+20% HP)
Your spells are a little harder to cast, but a little more powerful.


Message History

You hear an angry buzzing noise.
You hear a howl!
You hear a shout!
The death knight hits you with a +3 great mace of protection!!
You barely miss the death knight. Your headbutt misses the death knight.
The death knight is severely wounded.
The death knight hits you with a +3 great mace of protection!
* * * LOW HITPOINT WARNING * * *
Okay, then.
As you read the scroll of fear, it crumbles to dust.
You assume a fearsome visage.
The death knight resists with some effort.
The death knight offers itself to Yredelemnul, and fills with unholy energy.
Aiming: Corrosive Bolt
Press: ? - help, Shift-Dir - straight line, f - death knight
Aim: a death knight, wielding a +3 great mace of protection and wearing a +0 chain mail (severely wounded, reflecting injuries, lightly drained, 74% to hit)
The bolt of acid hits the death knight!
The acid corrodes the death knight!
The death knight is severely wounded.
The now-empty wand crumbles to dust.
The death knight reflects your damage back at you!
* * * LOW HITPOINT WARNING * * *
The death knight mumbles some strange prayers to Yredelemnul against you.
Your body is wracked with pain!
* * * LOW HITPOINT WARNING * * *
Aiming: Mindburst
Press: ? - help, Shift-Dir - straight line, f/p - death knight
Aim: a death knight, wielding a +3 great mace of protection and wearing a +0 chain mail (severely wounded, reflecting injuries, covered in acid, lightly drained, chance to affect: 34%)
The death knight easily resists.
The death knight barely misses you.
Aiming: Mindburst
Press: ? - help, Shift-Dir - straight line, f/p - death knight
Aim: a death knight, wielding a +3 great mace of protection and wearing a +0 chain mail (severely wounded, reflecting injuries, covered in acid, lightly drained, chance to affect: 34%)
The death knight easily resists.
The death knight barely misses you.
Aiming: Mindburst
Press: ? - help, Shift-Dir - straight line, f/p - death knight
Aim: a death knight, wielding a +3 great mace of protection and wearing a +0 chain mail (severely wounded, reflecting injuries, covered in acid, lightly drained, chance to affect: 34%)
The death knight's mind is blasted!
The death knight reflects your damage back at you!
* * * LOW HITPOINT WARNING * * *
The death knight seems less drained.
The death knight hits you with a +3 great mace of protection!!
You die...
Xom roars with laughter!

....###########....##***#########
###..........o'p....# *,,,,,,,
#.###########.o...# *,,,,,,, #.#*
#..<.!# *,,,,<,, #..* ####'##
*******+ ##.* ##..# *, ***.#*****
#..## *, *,,..,,,,* ####p####
***, **,,,,,,,,* #...@§§.#*******
*,,, ,*,,,,,,,,**#.....§.....,,,*
*,**
,,,,,,,,,,#......§..####**,***,*
**,,,,,,,...#.......# *,,,*,**
*,,,,,,,.#*######### ***,,,,,
*,,,,,,,,* ***,** *,,,,,,,,*
***,* **,,****** *,,,* ***,,,,*
*,***


You could see a death knight (reflects damage, corroded).

Vanquished Creatures
  A minotaur (Gauntlet)
  A centaur warrior (D:10)
  A two-headed ogre (D:11)
  A gargoyle (D:11)
  2 minotaur zombies (Gauntlet)
  A water nymph (D:10)
  An apocalypse crab (Gauntlet)
  A kobold demonologist (D:11)
  An efreet (D:10)
  A shadow (D:10)
  2 centaur simulacra (Gauntlet)
  9 yaks (D:9)
  2 wyverns
  A ynoxinul (Gauntlet)
  A human (D:9)
  An acid dragon (D:11)
  2 water moccasins
  An ice beast (D:8)
  5 orc warriors
  A black bear (D:6)
  A boggart (D:6)
  2 ogres
  3 necrophages
  A centaur (D:5)
  A phantom (D:6)
  3 kobold brigands
  3 bullfrogs
  A cane toad simulacrum (Gauntlet)
  5 scorpions
  A wyvern skeleton (D:6)
  17 killer bees
  5 wights (D:7)
  3 hounds
  A jelly (D:6)
  7 orc priests
  3 centaur skeletons
  A bullfrog skeleton (D:6)
  4 iron imps (Gauntlet)
  An iguana (D:4)
  12 orc wizards
  A hound skeleton (D:4)
  A hound zombie (D:5)
  A howler monkey zombie (D:9)
  A howler monkey skeleton (D:6)
  8 adders
  2 shadow imps
  A white imp (D:7)
  An ufetubus (D:5)
  2 worms (D:2)
  2 dart slugs
  27 orcs
  7 bats
  3 endoplasms
  2 giant cockroaches (D:2)
  6 goblins
  4 hobgoblins
  3 jackals (D:1)
  23 kobolds
  2 quokkas
  12 ball pythons
  A frilled lizard (D:1)
  5 rats
226 creatures vanquished.

Vanquished Creatures (collateral kills)
  A two-headed ogre (D:10)
  An orc priest (D:6)
  An iguana (D:6)
  3 orcs
  2 giant cockroaches
8 creatures vanquished.

Vanquished Creatures (others)
  A demonic plant (Gauntlet)
  8 plants
9 creatures vanquished.

Grand Total: 243 creatures vanquished

Notes
Turn   | Place    | Note
-------+----------+-------------------------------------------
     0 | D:1      | Lekart the Draconian Chaos Knight began the quest for the
                  | Orb.
     0 | D:1      | Reached XP level 1. HP: 19/19 MP: 1/1
    57 | D:1      | XOM: divination: detect items
   121 | D:1      | XOM: potion effect (invisibility)
   162 | D:1      | Reached XP level 2. HP: 20/26 MP: 2/2
   873 | D:1      | Reached XP level 3. HP: 18/33 MP: 3/3
  1114 | D:2      | Found a faded altar of an unknown god.
  1339 | D:2      | XOM: cloud trail
  1851 | D:2      | Noticed a scorpion
  1858 | D:2      | Killed a scorpion
  1859 | D:2      | Reached XP level 4. HP: 41/41 MP: 4/4
  2044 | D:3      | XOM: stealth player
  2240 | D:3      | Found a hide-covered altar of Uskayaw.
  2240 | D:3      | Found an iron altar of Okawaru.
  2401 | D:3      | Reached XP level 5. HP: 47/47 MP: 5/5
  2614 | D:3      | XOM: silly message
  2727 | D:3      | XOM: divination: detect creatures
  2888 | D:3      | XOM: silly message
  2992 | D:4      | XOM: confuse monster(s)
  3007 | D:4      | XOM: cast spell 'Call Canine Familiar'
  3012 | D:4      | Reached skill level 5 in Long Blades
  3015 | D:4      | XOM: cloud trail
  3049 | D:4      | XOM: silly message
  3247 | D:4      | Noticed an ogre
  3247 | D:4      | XOM: divination: detect items
  3260 | D:4      | XOM: noise
  3263 | D:4      | Killed an ogre
  3264 | D:4      | Reached XP level 6. HP: 55/55 MP: 6/6
  3772 | D:5      | Entered Level 5 of the Dungeon
  3778 | D:5      | Reached skill level 5 in Fighting
  3792 | D:5      | XOM: potion effect (berserk rage)
  3795 | D:5      | Reached skill level 1 in Axes
  3869 | D:5      | XOM: fog
  3873 | D:5      | Your scales start taking on a glossy black colour.
  3873 | D:5      | Reached XP level 7. HP: 21/61 MP: 7/7
  3873 | D:5      | Gained mutation: You are resistant to electric shocks.
                  | (rElec) [Black Draconian growth]
  4098 | D:5      | XOM: god gift: 5 atropa-tipped darts
  4150 | D:5      | XOM: silly message
  4236 | D:5      | XOM: silly message
  4263 | D:5      | Found a staircase to the Ecumenical Temple.
  4271 | D:5      | Reached skill level 2 in Axes
  4506 | D:5      | XOM: swap monsters
  4508 | D:5      | XOM: noise
  4543 | D:5      | Reached skill level 3 in Axes
  5080 | D:6      | Noticed a steam dragon
  5080 | D:6      | XOM: 8-stop teleportation journey
  5099 | D:6      | Reached skill level 4 in Axes
  5099 | D:6      | Reached XP level 8. HP: 70/70 MP: 8/8
  5103 | D:6      | XOM: polymorph steam dragon -> boggart
  5111 | D:6      | XOM: polymorph iguana -> jelly
  5133 | D:6      | Found a sacrificial altar of Ru.
  5153 | D:6      | XOM: give mutations
  5153 | D:6      | Gained mutation: Your mind is acute. (Int +2) [Xom's grace]
  5153 | D:6      | Gained mutation: You are robust. (+10% HP) [Xom's grace]
  5153 | D:6      | Gained mutation: You possess an exceptional clarity of
                  | mind. [Xom's grace]
  5153 | D:6      | Gained mutation: Your skin changes colour to match your
                  | surroundings (Stealth+). [Xom's grace]
  5362 | D:6      | Reached skill level 5 in Axes
  5367 | D:6      | Reached skill level 1 in Throwing
  5367 | D:6      | Reached skill level 5 in Dodging
  5385 | D:6      | XOM: confuse monster(s)
  5446 | D:6      | XOM: cast spell 'Summon Cactus Giant'
  5459 | D:6      | Reached skill level 6 in Axes
  5677 | D:6      | Identified the +4 short sword of Ashenzari's Esteem
                  | {freeze, rCorr}
  6089 | D:7      | Reached XP level 9. HP: 55/85 MP: 9/9
  6226 | D:7      | XOM: 1-stop teleportation journey
  6246 | D:7      | Reached skill level 7 in Axes
  6502 | D:7      | XOM: summons 3 friendly demons
  6658 | D:7      | You fall into a shaft and drop 2 floors!
  6690 | D:9      | XOM: silly message
  6849 | D:8      | XOM: cloud trail
  7444 | D:8      | Reached skill level 8 in Axes
  7550 | D:8      | XOM: give mutation
  7550 | D:8      | Gained mutation: Your natural rate of healing is unusually
                  | fast. [Xom's grace]
  7918 | D:9      | XOM: confuse monster(s)
  7927 | D:9      | Reached XP level 10. HP: 91/96 MP: 10/10
  8053 | D:9      | Reached skill level 9 in Axes
  8180 | D:9      | XOM: potion effect (heal wounds)
  8182 | D:9      | XOM: polymorph yak -> human
  8288 | D:9      | XOM: summons 3 hostile shadow creatures
  8339 | D:9      | XOM: give mutations
  8339 | D:9      | Gained mutation: Your spells are a little harder to cast,
                  | but a little more powerful. [Xom's grace]
  8339 | D:9      | Gained mutation: You are very robust. (+20% HP) [Xom's
                  | grace]
  8339 | D:9      | Gained mutation: Your large and strong wings let you fly.
                  | [Xom's grace]
  8518 | D:9      | Found a broken altar of Ashenzari.
  8684 | D:10     | Entered Level 10 of the Dungeon
  8841 | D:10     | XOM: confuse monster(s)
  8979 | D:10     | Noticed a two-headed ogre
  8985 | D:10     | Noticed a water nymph
  8985 | D:10     | a two-headed ogre changed into a water nymph
  8994 | D:10     | Killed a water nymph
  8995 | D:10     | Reached skill level 10 in Axes
  9158 | D:10     | Noticed a centaur warrior
  9159 | D:10     | Noticed a two-headed ogre
  9432 | Temple   | Entered the Ecumenical Temple
  9540 | D:7      | Found a radiant altar of Vehumet.
  9768 | D:7      | Found a hazy altar of Hepliaklqana.
  9769 | D:7      | Found a snail-covered altar of Cheibriados.
  9908 | D:10     | XOM: summons 2 friendly demons
  9911 | D:10     | XOM: cast spell 'Statue Form'
  9913 | D:10     | Killed a centaur warrior
  9924 | D:10     | XOM: silly message
 10212 | D:10     | Identified the ring "Teoc" {Fire Dex+4}
 10237 | D:10     | Found a sparkling altar of Nemelex Xobeh.
 10362 | D:10     | XOM: summons 4 friendly demons
 10367 | D:10     | Killed a two-headed ogre
 10368 | D:10     | Reached skill level 1 in Evocations
 10368 | D:10     | Reached XP level 11. HP: 70/116 MP: 11/11
 10477 | D:11     | Noticed a two-headed ogre
 10480 | D:11     | XOM: noise
 10487 | D:11     | Killed a two-headed ogre
 10574 | D:11     | Found a portal to a secret trove of treasure.
 10589 | D:11     | XOM: scenery: summon butterflies
 10683 | D:11     | Noticed a sun demon
 10758 | D:11     | XOM: destruction
 10812 | D:11     | Noticed a death knight
 10816 | D:11     | XOM: enchant monster (good)
 10817 | D:11     | Found a gate leading to a gauntlet.
 10817 | D:11     | XOM: confuse monster(s)
 10824 | Gauntlet | Entered a Gauntlet
 10824 | Gauntlet | Found a transporter.
 10824 | Gauntlet | Found a transporter.
 10832 | Gauntlet | Found a transporter.
 10847 | Gauntlet | Found a transporter.
 10861 | Gauntlet | Found a transporter.
 10874 | Gauntlet | Found a transporter.
 10891 | Gauntlet | Found a transporter.
 10952 | Gauntlet | Noticed a shining eye
 10957 | Gauntlet | Found a transporter.
 10959 | Gauntlet | XOM: give mutations
 10959 | Gauntlet | Gained mutation: You have a pair of small horns on your
                  | head. [Xom's grace]
 10959 | Gauntlet | Gained mutation: Your tail ends in a venomous barb. [Xom's
                  | grace]
 10959 | Gauntlet | Gained mutation: Your skin blends seamlessly with your
                  | surroundings (Stealth++). [Xom's grace]
 10973 | Gauntlet | Found a transporter.
 10994 | Gauntlet | Found a transporter.
 11003 | Gauntlet | Found a transporter.
 11019 | Gauntlet | Found a transporter.
 11086 | Gauntlet | Found a transporter.
 11098 | Gauntlet | Noticed a tengu warrior
 11102 | Gauntlet | Found a transporter.
 11130 | Gauntlet | Found a transporter.
 11140 | Gauntlet | Found a transporter.
 11169 | Gauntlet | XOM: divination: detect items
 11202 | Gauntlet | Identified the +10 flail "Ubryqagu" {antimagic, rCorr}
 11241 | Gauntlet | XOM: confuse monster(s)
 11248 | Gauntlet | XOM: scenery: summon butterflies
 11268 | Gauntlet | Identified the ring "Doefy" {rPois rN+ rCorr Stlth-}
 11427 | Gauntlet | XOM: god gift: +0 hat of stealth
 11445 | Gauntlet | Noticed a minotaur
 11456 | Gauntlet | Killed a minotaur
 11457 | Gauntlet | Reached skill level 1 in Maces & Flails
 11556 | Gauntlet | Identified the +4 flail "Uleatruz" {vorpal, rPois rN+ SInv}
 11664 | Gauntlet | XOM: god gift: staff of air
 11677 | D:11     | XOM: fog
 11700 | D:11     | Demolished by a death knight

Illustrated notes

Levels and vault maps discovered:
D:1:      sevenhm_arrival_forest_fort_small_3, layout_basic, minmay_door_square,
          lexackson_kobold_supper
D:2:      layout_basic, ebering_ecumenical_altar_box
D:3:      layout_basic, gammafunk_temple_overflow_elements
D:4:      layout_basic
D:5:      layout_loops_cross, minmay_temple_entry_mini_moons,
          grunt_decor_resistance
D:6:      layout_rooms, nicolae_ru_sacrificial_ziggurat
D:7:      layout_rooms, vehumet_crystals,
          chequers_temple_overflow_statue_of_worship
D:8:      layout_loops_corners, chequers_arboretum
D:9:      layout_roguey, kennysheep_little_box
D:10:     layout_irregular_city, nemelex_xobeh_ov_fountains_minmay, eino_jars
D:11:     layout_roguey, erik_lair_orcish_takeover, gauntlet_entry_generic,
          trove_entry_hex_spiral, hangedman_decor_diamond_cutter,
          nrook_pool_corridor, the_hattery, uniq_sonja
Temple:   nicolae_temple_great_sept

Skill      XL: |  1  2  3  4  5  6  7  8  9 10 11 |
---------------+----------------------------------+-----
Fighting       | 4 5 6 8 9 |  9.7
Long Blades    | 4 5 6 7 |  7.2
Dodging        | 3 4 5 7 8 9 |  9.2
Axes           | 1 4 6 8 10 | 10.5
Throwing       | 1 |  1.1
Evocations     | 1 3 |  3.6
Maces & Flails | 1 |  1.4

Action                   |  1- 3 |  4- 6 |  7- 9 | 10-12 || total
-------------------------+-------+-------+-------+-------++-------
Melee: Falchion          |    97 |    70 |       |       ||   167
       Tailslap          |     8 |    21 |    48 |    62 ||   139
       Punch             |     2 |     5 |     2 |     5 ||    14
       Hand axe          |       |    54 |   314 |   200 ||   568
       Scimitar          |       |       |       |    57 ||    57
       Headbutt          |       |       |       |    28 ||    28
       Flail             |       |       |       |    12 ||    12
Throw: Dart              |       |       |     6 |       ||     6
 Abil: Breathe Lightning |       |       |       |     6 ||     6
Evoke: Wand              |       |       |       |    43 ||    43
       Phantom mirror    |       |       |       |     1 ||     1
  Use: Scroll            |       |    12 |     8 |     7 ||    27
       Potion            |       |     3 |       |     1 ||     4
 Stab: Sleeping          |     1 |     3 |     4 |       ||     8
       Invisible         |     1 |       |       |       ||     1
       Confused          |       |     1 |     1 |     5 ||     7
       Distracted        |       |     1 |     2 |     1 ||     4
Armor: Skin              |    27 |    61 |   103 |    74 ||   265
Dodge: Dodged            |    67 |   122 |   304 |   255 ||   748

Table legend: (Time is in decaauts)
 A = Elapsed time spent in this place.
 B = Non-inter-level travel time spent in this place.
 C = Inter-level travel time spent in this place.
 D = Time resting spent in this place.
 E = Time spent auto-exploring this place.
 F = Levels seen in this place.
 G = Mean time per level.
                   A        B        C        D        E       F      G
               +--------+--------+--------+--------+--------+-----+--------+
         Total |  11727 |  11352 |    375 |   2676 |   6081 |  13 |  902.1 |
       Dungeon |  10803 |  10442 |    361 |   2388 |   5714 |  11 |  982.1 |
        Temple |     84 |     71 |     13 |      0 |     60 |   1 |   84.0 |
      Gauntlet |    839 |    839 |      0 |    288 |    307 |   1 |  839.0 |
               +--------+--------+--------+--------+--------+-----+--------+

Top non-repeatable levels by time:
     D:5: 1311 daAuts
     D:6: 1251 daAuts
     D:8: 1216 daAuts
    D:10: 1133 daAuts
     D:1: 1067 daAuts
     D:9: 1029 daAuts
     D:2: 989 daAuts
     D:3: 873 daAuts
     D:4: 869 daAuts
Gauntlet: 839 daAuts
     D:7: 756 daAuts
    D:11: 305 daAuts
  Temple: 84 daAuts
